 Dungeon Crawl Stone Soup version 0.30.0-15-g856e2d3f33 (webtiles) character file.

Game seed: 10394152756683768775

498 Pimp the Shooter (level 7, -4/46 HPs)
             Began as a Tengu Hunter on May 18, 2023.
             Slain by a scorpion (5 damage)
             ... on level 5 of the Dungeon.
             The game lasted 00:05:35 (3561 turns).

Pimp the Shooter (Tengu Hunter)                     Turns: 3561, Time: 00:05:36

Health: -4/46      AC:  6    Str: 14    XL:     7   Next: 16%
Magic:  8/8        EV: 14    Int: 13    God:
Gold:   251        SH:  0    Dex: 18    Spells: 6/6 levels left

rFire   . . .        l - +12 mace of Psychosis {flame, Will+ Str+3}
rCold   . . .        t - +2 kite shield
rNeg    . . .        c - +1 leather armour
rPois   +            (helmet restricted)
rElec   .            d - +1 cloak {rPois}
rCorr   .            (no gloves)
SInv    .            (boots unavailable)
Will    +....        (no amulet)
Stlth   +            (no ring)
HPRegen 0.27/turn    (no ring)
MPRegen 0.11/turn

%: no passive effects
@: confused, ambrosia-drunk, flying quickly and evasively, hasted, invisible,
very quick
A: beak, talons 3, nimble flight, clever 1, robust 1
a: no special abilities


You were on level 5 of the Dungeon.
You visited 1 branch of the dungeon, and saw 5 of its levels.

You collected 251 gold pieces.

Inventory:

Hand Weapons
 a - a +1 shortbow
 l - the +12 mace of Psychosis (weapon) {flame, Will+ Str+3}
   (You found it on level 2 of the Dungeon)

   Str:       It affects your strength (+3).
   Will:      It increases your willpower.
Missiles
 p - a throwing net
Armour
 c - a +1 leather armour (worn)
 d - a +1 cloak of poison resistance (worn)
 f - a +0 cloak
 t - a +2 kite shield (worn)
Jewellery
 n - a ring of wizardry
 u - a +6 ring of strength
 x - a ring of poison resistance
Wands
 v - a wand of charming (3)
Scrolls
 b - a scroll of immolation
 e - 6 scrolls of identify
 k - a scroll of silence
 o - a scroll of noise {unknown}
 q - a scroll of amnesia {unknown}
Potions
 g - a potion of haste
 s - a potion of brilliance {unknown}
 w - a potion of heal wounds {unknown}


   Skills:
 + Level 3.9 Fighting
 * Level 2.7 Maces & Flails
 - Level 5.3 Ranged Weapons
 + Level 4.3 Dodging
 - Level 3.4 Stealth
 * Level 1.4 Shields


You had 6 spell levels left.
You didn't know any spells.
Your spell library contained the following spells:

 Spells                   Type           Power      Damage    Failure   Level
 Ensorcelled Hibernation  Hex/Ice        0%         N/A       91%         2
 Passwall                 Tmut/Erth      0%         N/A       91%         2
 Sublimation of Blood     Necr           0%         N/A       91%         2
 Wereblood                Tmut           0%         N/A       91%         2
 Call Canine Familiar     Summ           0%         N/A       99%         3
 Portal Projectile        Hex/Tloc       0%         N/A       99%         3
 Swiftness                Air            0%         N/A       99%         3
 Volatile Blastmotes      Fire/Tloc      0%         2d10      99%         3
 Fulminant Prism          Conj/Hex       0%         3d5       100%        4
 Iskenderun's Mystic Bla  Conj/Tloc      0%         2d3       100%        4
 Leda's Liquefaction      Hex/Erth       0%         N/A       100%        4
 Lee's Rapid Deconstruct  Erth           0%         3d4*      100%        5
 Summon Hydra             Summ           0%         N/A       100%        7


Dungeon Overview and Level Annotations

Branches:
Dungeon (5/15)
 Temple: D:4-7

Altars:

Annotations:
D:5 3 runed translucent doors, Hubris850's ghost, novice HOFi


Innate Abilities, Weirdness & Mutations

You have a beak for a mouth.
You have claws for feet.
Your magical nature lets you fly swiftly and evasively.
Your mind is acute. (Int +4, Str/Dex -1)
You are robust. (+10% HP)


Message History

You block something's attack. The orc hits you with a +0 club.
* * * LOW HITPOINT WARNING * * *
The jelly closely misses you.
You sock the jelly! You burn the jelly.
You kill the jelly!
Something hits you.
* * * LOW HITPOINT WARNING * * *
The orc hits you with a +0 club.
* * * LOW HITPOINT WARNING * * *
You hit the scorpion. You burn the scorpion. Your kick misses the scorpion.
The scorpion is lightly wounded.
You block the scorpion's attack. Something barely misses you.
The orc hits you but does no damage.
You hit the scorpion but do no damage. Your kick misses the scorpion.
You peck the scorpion, but do no damage.
The scorpion is lightly wounded.
The scorpion stings you.
* * * LOW HITPOINT WARNING * * *
Something hits you but does no damage. The orc closely misses you.
It was a potion of mutation.
You feel extremely strange.
You feel robust.
You feel clever. The scorpion misses you.
It was a potion of invisibility.
You fade into invisibility!
You block something's attack. You block the orc's attack.
The scorpion misses you.
It was a potion of ambrosia.
You are confused.
You feel invigorated. The orc hits you but does no damage.
You hear some strange, mumbled words.
A magic dart appears from out of thin air!
The magic dart hits you.
* * * LOW HITPOINT WARNING * * *
It was a potion of flight.
You feel more buoyant. The scorpion barely misses you.
It was a potion of magic.
Magic courses through your body. Something hits you.
* * * LOW HITPOINT WARNING * * *
The orc hits you but does no damage. The scorpion stings you.
You die...

..##.### ............. .
#..>.###...............
##......... ...........
##...####.## ............
...### #.###....#...>...
..#######.#...##.J.......
............###.)........
########.......o##.......
..........##..o{@s.......
#########.##.######......
#########....# .....
..........#### ....
####..##### ... .....##
.. ###### #


You could see a scorpion (unable to see you) and 2 orcs.

Vanquished Creatures
  Sigmund (D:2)
  A hound (D:4)
  2 jellies
  Crazy Yiuf (D:2)
  An orc priest (D:5)
  An iguana (D:5)
  2 orc wizards (D:5)
  5 adders
  5 dart slugs
  2 orcs
  4 ball pythons
  9 endoplasms
  A giant cockroach (D:4)
  5 goblins
  9 hobgoblins
  A quokka (D:2)
  A bat (D:1)
  4 frilled lizards
  8 kobolds
  2 rats
65 creatures vanquished.

Notes
Turn   | Place    | Note
-------+----------+-------------------------------------------
     0 | D:1      | Pimp the Tengu Hunter began the quest for the Orb.
     0 | D:1      | Reached XP level 1. HP: 12/12 MP: 2/2
   120 | D:1      | Reached XP level 2. HP: 2/17 MP: 3/3
   789 | D:2      | Noticed Sigmund
  1053 | D:2      | Killed Sigmund
  1054 | D:2      | Reached skill level 5 in Ranged Weapons
  1054 | D:2      | Reached XP level 3. HP: 23/23 MP: 4/4
  1054 | D:2      | Reached XP level 4. HP: 28/28 MP: 5/5
  1054 | D:2      | Gained mutation: Your magical nature lets you fly swiftly
                  | and evasively. [Tengu growth]
  1054 | D:2      | Reached XP level 5. HP: 32/32 MP: 6/6
  1338 | D:2      | Found a faded altar of an unknown god.
  1686 | D:2      | Identified the +12 mace of Psychosis {flame, Will+ Str+3}
  1843 | D:2      | Found a runed translucent door.
  1844 | D:2      | Noticed Crazy Yiuf
  1857 | D:2      | Killed Crazy Yiuf
  1858 | D:2      | Reached XP level 6. HP: 37/37 MP: 7/7
  2317 | D:3      | Reached skill level 1 in Maces & Flails
  3422 | D:5      | Entered Level 5 of the Dungeon
  3429 | D:5      | Found a runed translucent gate.
  3429 | D:5      | Found a runed translucent gate.
  3429 | D:5      | Found a runed translucent gate.
  3473 | D:5      | Noticed Hubris850's ghost (novice HOFi)
  3474 | D:5      | Noticed an ice beast
  3547 | D:5      | Reached skill level 1 in Shields
  3547 | D:5      | Reached XP level 7. HP: 22/42 MP: 8/8
  3556 | D:5      | HP: 2/42 [scorpion (5)]
  3557 | D:5      | Gained mutation: You are robust. (+10% HP) [potion of
                  | mutation]
  3557 | D:5      | Gained mutation: Your mind is acute. (Int +4, Str/Dex -1)
                  | [potion of mutation]
  3561 | D:5      | HP: 1/46 [something (4)]
  3561 | D:5      | Slain by a scorpion

Illustrated notes

Levels and vault maps discovered:
D:1:      dpeg_arrival_stonehenge_12_columns, layout_loops_ring
D:2:      layout_loops_corners, ebering_ecumenical_altar_hall,
          uniq_crazy_yiuf_cottage, uniq_sigmund
D:3:      layout_basic
D:4:      layout_loops_ring
D:5:      layout_rooms, serial_shops, nicolae_shop_window_shopping,
          gammafunk_ghost_icy, minmay_manual_mares

Skill      XL: |  1  2  3  4  5  6 |
---------------+-------------------+-----
Fighting       | 3 |  3.9
Ranged Weapons | 5 |  5.3
Dodging        | 3 4 |  4.3
Stealth        | 2 3 |  3.4
Maces & Flails | 2 |  2.7
Shields        | 1 |  1.4

Action                     |  1- 3 |  4- 6 |  7- 9 || total
---------------------------+-------+-------+-------++-------
  Melee: Mace              |       |    13 |     6 ||    19
         Kick              |       |     2 |     1 ||     3
         Peck              |       |     2 |     1 ||     3
   Fire: Shortbow          |    61 |    85 |       ||   146
    Use: Scroll            |     4 |     1 |       ||     5
         Potion            |       |     1 |     6 ||     7
 Armour: Leather armour    |    15 |     8 |     4 ||    27
  Dodge: Dodged            |    50 |    32 |     8 ||    90
  Block: Kite shield       |       |     6 |     8 ||    14
